Workbook

Sheet FS
B3: Asset | C3: Current Year | D3: Prior Year | E3: Equity | F3: Current Year | G3: Prior Year
B4: Warehouse | C4: 100000 | E4: Capital | F4: 105000 | G4: 50000
B5: Cash | C5: 111500 | D5: 81700 | E5: Profit for the period | F5: 132900 | G5: 6700
B6: Trade receivables | C6: 217200 | D6: 24400 | E6: Reserve | F6: 6700
B7: Inventory | C7: 8000
B8: Tax receivable (VAT) | C8: 31152 | E8: Total Equity | F8: 244600 | G8: 56700
E10: Liabilities
E11: Loan | G11: 40000
E12: Trade payables | F12: 50752 | G12: 7200
E13: Tax payables | F13: 37400 | G13: 200
E14: Accrued expenses | G14: 400
E15: Invoice to be received | G15: 1600
E16: Notes payables | F16: 122000
E17: Deferred income | F17: 9000
E18: Provision fund | F18: 4100
B19: Total Assets | C19: 467852 | D19: 106100 | E19: Total Liabilities & Equity | F19: 467852 | G19: 106100
B22: Revenue | C22: Current Year | D22: Prior Year
B23: Sales | C23: 166900 | D23: 20000
B30: Expenses
B31: Goods | C31: 32000 | D31: 10000
B32: Wages | D32: 1200
B33: Social charges | D33: 500
B34: Interests | C34: 2000 | D34: 400
B35: Energy expenses | D35: 1600
B36: Reduction | D36: -400
B39: Profit and loss for the period | C39: 132900 | D39: 6700

Sheet CF
B4: Net Income | C4: =+FS!C39 -> 132900
B5: Adjustments to reconcile net income to net cash flow from operating activities
B6: Depreciation
B7: Impairment and provisions | C7: =+FS!F18-FS!G18 -> 4100
B8: Cash Flow before changes in WC | C8: =+SUM(C4:C7) -> 137000
B9: Operating Activities
B10: Changes in trade receivables | C10: =+FS!D6-FS!C6 -> -192800
B11: Changes in trade payables | C11: =+FS!F12-FS!G12+FS!F16-FS!G16+FS!F15-FS!G15 -> 163952
B12: Changes in inventories | C12: =+FS!D7-FS!C7 -> -8000
B13: Changes in tax receivables | C13: =+FS!D8-FS!C8 -> -31152
B14: Deferred Income | C14: =+FS!F17-FS!G17 -> 9000
B15: Accrued Expenses | C15: =+FS!F14-FS!G14 -> -400
B16: Changes in tax payables | C16: =+FS!F13-FS!G13 -> 37200
B17: Cash Flow from operating activities | C17: =+SUM(C9:C16) -> -22200
B18: Investing Activities
B19: Changes in fixed assets | C19: =+FS!D4-FS!C4 -> -100000
B20: Cash Flow from investing activities | C20: =+C19 -> -100000
B21: Financing activities
B22: Loan repayment | C22: =+FS!F11-FS!G11 -> -40000
B23: Capital contribution | C23: =+FS!F4-FS!G4 -> 55000
B24: Cash Flow from financing activities | C24: =+SUM(C22:C23) -> 15000
C25: =+C8+C17+C20+C24 -> 29800
B31: Opening Cash | C31: =+FS!D5 -> 81700
B32: Closing Cash | C32: =+FS!C5 -> 111500
B33: Change in Cash | C33: =+C32-C31 -> 29800
B34: Check | C34: =+C25-C33 -> 0

Sheet 2--->

Sheet FS (2)
B3: Revenue | C3: Current Year | F3: Asset | G3: Current Year | H3: Prior Year | I3: Equity | J3: Current Year | K3: Prior Year
B4: Sales | C4: 3450 | F4: Cash | G4: 900 | H4: 575 | I4: Capital | J4: 950 | K4: 850
F5: Account receivables | G5: 875 | H5: 650 | I5: Profit for the period | J5: =+C16 -> 405 | K5: 0
F6: Inventory | G6: 800 | H6: 950 | I6: Retained earnings | J6: 820 | K6: 950
B7: Expenses | F7: Plant Assets | G7: 950 | H7: 850
B8: Cost of goods sold | C8: 2350 | F8: Accumulated depreciation | G8: -600 | H8: -585 | I8: Total Equity | J8: =+SUM(J4:J7) -> 2175 | K8: =+SUM(K4:K7) -> 1800
B9: Selling and Admin Expenses | C9: 450 | F9: Long term investments | G9: 650 | H9: 710
B10: Depreciation | C10: 15 | I10: Liabilities
B11: Other revenue & gain | I11: Loan | J11: 700 | K11: 775
B12: Gains on sales investments | C12: 40 | I12: Trade payables | J12: 600 | K12: 450
B13: Income Before Tax | C13: =+C4-SUM(C8:C10)+C12 -> 675 | I13: Accrued liabilities | J13: 100 | K13: 125
B14: Income Tax | C14: 270
B16: Profit and loss for the period | C16: =+C13-C14 -> 405
F19: Total Assets | G19: =+SUM(G4:G18) -> 3575 | H19: =+SUM(H4:H18) -> 3150 | I19: Total Liabilities & Equity | J19: =+SUM(J8:J18) -> 3575 | K19: =+SUM(K8:K18) -> 3150

Sheet CF (2)
B4: Net Income | C4: =+'FS (2)'!C16 -> 405
B5: Adjustments to reconcile net income to net cash flow from operating activities
B6: Depreciation | C6: =+'FS (2)'!C10 -> 15
B7: Impairment and provisions
B8: Deferred Income
B9: Gain on investments | C9: =-'FS (2)'!C12 -> -40
B10: Cash Flow before changes in WC | C10: =+SUM(C4:C9) -> 380
B11: Operating Activities
B12: Changes in trade receivables | C12: =+'FS (2)'!H5-'FS (2)'!G5 -> -225
B13: Changes in trade payables | C13: =+'FS (2)'!J12-'FS (2)'!K12 -> 150
B14: Changes in inventories | C14: =+'FS (2)'!H6-'FS (2)'!G6 -> 150
B15: Accrued Liabilities | C15: =+'FS (2)'!J13-'FS (2)'!K13 -> -25
B16: Changes in tax receivables
B17: Changes in tax payables
B18: Cash Flow from operating activities | C18: =+SUM(C11:C17) -> 50
B19: Investing Activities
B20: Sales on investments | C20: =+'FS (2)'!H9-'FS (2)'!G9+'FS (2)'!C12 -> 100
B21: Changes in fixed assets | C21: =+'FS (2)'!H7-'FS (2)'!G7 -> -100
B22: Cash Flow from investing activities | C22: =+SUM(C19:C21) -> 0
B23: Financing activities
B24: Loan repayment | C24: =+'FS (2)'!J11-'FS (2)'!K11 -> -75
B25: Capital contribution | C25: =+'FS (2)'!J4-'FS (2)'!K4 -> 100
B26: Dividends paid | C26: =+'FS (2)'!J6-'FS (2)'!K6 -> -130
B27: Cash Flow from financing activities | C27: =+SUM(C24:C26) -> -105
B29: Net Cash Flow | C29: =+C27+C22+C18+C10 -> 325
B34: Opening Cash | C34: =+'FS (2)'!H4 -> 575
B35: Closing Cash | C35: =+'FS (2)'!G4 -> 900
B36: Change in Cash | C36: =+C35-C34 -> 325
B37: Check | C37: =+C29-C36 -> 0

Sheet 3-->

Sheet FS (3)
B3: Revenue | C3: Current Year | F3: Asset | G3: Current Year | H3: Prior Year | I3: Equity | J3: Current Year | K3: Prior Year
B4: Sales | C4: 25000 | F4: Cash | G4: 14100 | H4: 14250 | I4: Capital | J4: 18500 | K4: 18500
F5: Account receivables | G5: 4000 | H5: 5000 | I5: Profit for the period | J5: =+C16 -> 10250 | K5: 14250
F6: Inventory | G6: 5000 | H6: 3000
B7: Expenses | F7: Fixed Asset | G7: 10000 | H7: 14000
B8: Rent | C8: 1000 | I8: Total Equity | J8: =+SUM(J4:J7) -> 28750 | K8: =+SUM(K4:K7) -> 32750
B9: Utilities | C9: 1000
B10: Supplies | C10: 1250 | I10: Liabilities
B11: Payroll | C11: 5000
B12: Depreciation | C12: 4000 | I12: Trade payables | J12: 3850 | K12: 2500
B13: Other Expenses | C13: 2500 | I13: Income tax payables | J13: 500 | K13: 1000
B16: Profit and loss for the period | C16: =+C4-SUM(C8:C15) -> 10250
F19: Total Assets | G19: =+SUM(G4:G18) -> 33100 | H19: =+SUM(H4:H18) -> 36250 | I19: Total Liabilities & Equity | J19: =+SUM(J8:J18) -> 33100 | K19: =+SUM(K8:K18) -> 36250

Sheet CF (3)
B4: Net Income | C4: =+'FS (3)'!C16 -> 10250
B5: Adjustments to reconcile net income to net cash flow from operating activities
B6: Depreciation | C6: =+'FS (3)'!C12 -> 4000
B7: Impairment and provisions
B8: Deferred Income
B9: Gain on investments
B10: Accrued Expenses
B11: Cash Flow before changes in WC | C11: =+SUM(C4:C10) -> 14250
B12: Operating Activities
B13: Changes in trade receivables | C13: =+'FS (3)'!H5-'FS (3)'!G5 -> 1000
B14: Changes in trade payables | C14: =+'FS (3)'!J12-'FS (3)'!K12 -> 1350
B15: Changes in inventories | C15: =+'FS (3)'!H6-'FS (3)'!G6 -> -2000
B16: Changes in tax receivables
B17: Changes in tax payables | C17: =+'FS (3)'!J13-'FS (3)'!K13 -> -500
B18: Cash Flow from operating activities | C18: =+SUM(C12:C17) -> -150
B19: Investing Activities
B20: Sales on investments
B21: Changes in fixed assets | C21: =+'FS (3)'!H7-'FS (3)'!G7-'FS (3)'!C12 -> 0
B22: Cash Flow from investing activities | C22: =+SUM(C19:C21) -> 0
B23: Financing activities
B24: Loan repayment
B25: Capital contribution
B26: Dividends paid | C26: =+'FS (3)'!J4-'FS (3)'!K4-'FS (3)'!K5 -> -14250
B27: Cash Flow from financing activities | C27: =+SUM(C24:C26) -> -14250
B29: Net Cash Flow | C29: =+C27+C22+C18+C11 -> -150
B34: Opening Cash | C34: =+'FS (3)'!H4 -> 14250
B35: Closing Cash | C35: =+'FS (3)'!G4 -> 14100
B36: Change in Cash | C36: =+C35-C34 -> -150
B37: Check | C37: =+C29-C36 -> 0
